 Dungeon Crawl Stone Soup version 0.21.0-3-g78d12a8 (webtiles) character file.

33117 grindst0ne the Fencer (level 13, 0/118 HPs)
             Began as a Demonspawn Chaos Knight on Jan 12, 2018.
             Slain by a komodo dragon (19 damage)
             ... on level 6 of the Lair of Beasts.
             The game lasted 00:36:04 (18699 turns).

grindst0ne the Fencer (Demonspawn Chaos Knight)    Turns: 18699, Time: 00:36:06

Health: 0/118      AC: 16    Str: 18    XL:     13   Next: 35%
Magic:  17/17      EV:  5    Int: 14    God:    Xom [...*..]
Gold:   830        SH:  5    Dex: 12    Spells: 12/12 levels left

rFire    + . .     SeeInvis +   B - +4 triple sword
rCold    + . .     Gourm    .   (shield currently unavailable)
rNeg     . . .     Faith    .   y - +0 plate armour
rPois    +         Spirit   .   (helmet restricted)
rElec    .         Reflect  +   v - +0 cloak
rCorr    .         Harm     .   p - +0 pair of gloves
MR       ++...     Clarity  +   (no boots)
Stlth    ..........             J - +5 amulet of reflection
HPRegen  0.29/turn              u - ring of poison resistance
MPRegen  0.15/turn              o - ring of protection from cold

@: no status effects
A: antennae 1, talons 2, slimy green scales 2, see invisible, clarity, fire
resistance 1, magic resistance 2, robust 1, shaggy fur 1, spiny 2, wild magic 1
a: Renounce Religion


You were on level 6 of the Lair of Beasts.
You worshipped Xom.
You were a favourite toy of Xom.
You were hungry.

You visited 2 branches of the dungeon, and saw 18 of its levels.
You also visited: Labyrinth.

You collected 1075 gold pieces.
You spent 245 gold pieces at shops.

Inventory:

Hand Weapons
 k - a +0 whip of flaming
 B - a +4 triple sword (weapon)
 E - a +4 battleaxe
Armour
 p - a +0 pair of gloves (worn)
 v - a +0 cloak (worn)
 y - a +0 plate armour (worn)
 V - a +1 helmet
Jewellery
 a - the amulet "Fehumaf" {Harm *Drain rF++ MR+ Str-4 Dex+9}
   (You found it in a labyrinth)

   [amulet of harm]

   It increases damage dealt and taken.
   It affects your strength (-4).
   It affects your dexterity (+9).
   It greatly protects you from fire.
   It affects your resistance to hostile enchantments.
   It causes draining when unequipped.
 d - an uncursed amulet of guardian spirit
 f - a +3 ring of intelligence
 g - an uncursed ring of fire
 i - an uncursed ring of protection from magic
 o - a ring of protection from cold (right hand)
 u - a ring of poison resistance (left hand)
 J - a +5 amulet of reflection (around neck)
 K - an uncursed ring of ice
Wands
 b - a wand of iceblast (9)
 z - a wand of paralysis (13)
 C - a wand of digging (44)
 F - a wand of enslavement (29)
 N - a wand of polymorph (11)
 P - a wand of flame (15)
 R - a wand of random effects (30)
Scrolls
 h - 6 scrolls of teleportation
 l - 7 scrolls of remove curse
 n - 5 scrolls of amnesia
 q - a scroll of fog
 r - a scroll of magic mapping
 w - 3 scrolls of fear
 G - 2 scrolls of enchant armour
 I - a scroll of blinking
 L - a scroll of immolation {unknown}
 Q - a scroll of torment {unknown}
 S - a scroll of summoning {unknown}
Potions
 m - 3 potions of curing
 t - 4 potions of flight
 O - 2 potions of agility
Books
 x - a book of Maledictions

   Spells                             Type                      Level
   a - Corona                         Hexes                        1
   b - Ensorcelled Hibernation        Hexes/Ice                    2
   c - Confuse                        Hexes                        3
   d - Tukima's Dance                 Hexes                        3
   e - Dazzling Spray                 Conjuration/Hexes            3
 H - a book of Necromancy

   Spells                             Type                      Level
   a - Pain                           Necromancy                   1
   b - Animate Skeleton               Necromancy                   1
   c - Vampiric Draining              Necromancy                   3
   d - Regeneration                   Charms/Necromancy            3
   e - Animate Dead                   Necromancy                   4
   f - Borgnjor's Vile Clutch         Necromancy/Earth             5
 T - a book of Geomancy

   Spells                             Type                      Level
   a - Sandblast                      Earth                        1
   b - Passwall                       Transmutation/Earth          2
   c - Stone Arrow                    Conjuration/Earth            3
   d - Petrify                        Transmutation/Earth          4
   e - Lee's Rapid Deconstruction     Earth                        5
Comestibles
 c - 28 rations


   Skills:
 - Level 12.2 Fighting
 * Level 15.3 Long Blades
 - Level 6.5 Axes
 - Level 1.7 Armour
 - Level 0.8 Dodging
 - Level 6.3 Evocations


You had 12 spell levels left.
You didn't know any spells.

Dungeon Overview and Level Annotations

Branches:
Dungeon (12/15)            Temple (0/1) D:4            Lair (6/6) D:11
 Shoals (0/4) Lair:4        Snake (0/4) Lair:2        Slime (0/5) Lair:5
    Orc: D:9-12

Altars:
Elyvilon
Kikubaaqudgha
Makhleb
Okawaru
Qazlal
Trog
Xom
Yredelemnul
Zin
The Shining One
Beogh

Shops:
D:5 [   D:8 !?(*%   D:10 !}!

Annotations:
D:6 exclusion: 2 downstairs


Innate Abilities, Weirdness & Mutations

You have razor-sharp toenails.
You are mostly covered in slimy green scales. (AC +3)
You are mostly covered in sharp spines.
You have a pair of small antennae on your head.
You have supernaturally acute eyesight. (SInv)
You possess an exceptional clarity of mind.
Your flesh is heat resistant. (rF+)
You are highly resistant to hostile enchantments. (MR++)
You are robust. (+10% HP)
You are covered in fur. (AC +1)
Your spells are a little harder to cast, but a little more powerful.


Message History

The yak gores you but does no damage.
Your shadow imp hits the yak but does no damage.
Your crimson imp hits the yak but does no damage.
You slash the komodo dragon!
You claw the komodo dragon, but do no damage.
The komodo dragon is lightly wounded.
The yak gores the plant but does no damage.
The komodo dragon bites you!!
* * * LOW HITPOINT WARNING * * *
Your shadow imp gestures at the yak.
The yak writhes in agony!
Your crimson imp hits the yak but does no damage.
The yak gores the plant.
You block the komodo dragon's attack.
You hit the komodo dragon.
The komodo dragon is moderately wounded.
Your shadow imp hits the yak but does no damage.
Your crimson imp barely misses the yak.
The komodo dragon is struck by your spines.
The komodo dragon bites you!!
You die...

..............###
...._....._._...#
.........P......##
...†....P.PP.....#
.........P....†..#
..._.._..PP.P.55.#
._....[..PP...YY###
.........PPP.PP.l.#
.........PPPP...@##
..........PPPPPPPP#
#.....#....PPPP...#
...P..P.P.#
...........
........####
.....#### ....


You could see a komodo dragon, 2 yaks, a friendly crimson imp and a friendly
shadow imp.

Vanquished Creatures
  A minotaur (Lab)
  Fannar (D:11)
  2 hydras
  2 catoblepae (Lair:6)
  2 two-headed ogres
  A death yak (Lair:6)
  Pikel (D:4)
  A manticore (Lair:6)
  An ugly thing (D:11)
  A black mamba (Lair:4)
  2 molten gargoyles (Lair:5)
  8 spiny frogs
  A komodo dragon (shapeshifter) (Lair:3)
  4 komodo dragons
  3 trolls
  20 blink frogs
  A minotaur skeleton (Lab)
  8 hippogriffs
  A wyvern (Lair:4)
  3 basilisks
  The ghost of Pinoku the Chopper, an amateur DrFi (D:3)
  23 yaks
  A human (D:9)
  A hungry ghost (Lab)
  2 wargs (D:12)
  6 nagas (Lair:2)
  13 water moccasins
  3 porcupines
  2 orc warriors
  4 sky beasts
  3 ice beasts
  A black bear (D:8)
  2 phantoms
  A slave (D:4)
  4 ogres
  10 wolves
  2 centaurs
  13 crocodiles
  10 bullfrogs
  2 wyvern zombies
  6 scorpions
  6 killer bees
  11 wights
  A centaur zombie (D:9)
  4 electric eels
  A howler monkey (D:9)
  4 crimson imps
  A bullfrog zombie (D:10)
  4 lava snakes (Lair:5)
  A quasit (D:8)
  16 jellies
  10 hounds
  8 orc priests
  2 iguanas
  10 orc wizards
  A gnoll shaman (D:8)
  10 hell rats (Lair:1)
  5 worker ants
  A hound zombie (D:11)
  2 howler monkey zombies (D:10)
  4 adders
  4 gnolls (D:8)
  15 river rats (Lair:1)
  2 shadow imps
  An ooze (D:2)
  An adder skeleton (D:6)
  2 worms
  3 dart slugs
  7 leopard geckos
  52 orcs
  5 bats
  4 giant cockroaches
  A goblin (shapeshifter) (D:4)
  10 goblins
  6 hobgoblins
  9 quokkas
  A ball python (D:1)
  4 frilled lizards
  A giant cockroach zombie (D:5)
  8 kobolds
  A quokka skeleton (D:4)
  15 rats
428 creatures vanquished.

Vanquished Creatures (collateral kills)
  A two-headed ogre (D:9)
  The ghost of Amon001 the Insei, a novice GnTm of Gozag (D:5)
  The ghost of grindst0ne the Skirmisher, an amateur DsCK of Xom (D:4)
  A yak (Lair:6)
  An orc warrior (D:8)
  2 killer bees (D:8)
  A jelly (D:8)
  An orc (D:8)
  A kobold (D:1)
  A butterfly (D:4)
11 creatures vanquished.

Vanquished Creatures (others)
  A spiny frog (Lair:3)
  A troll (D:10)
  A hippogriff (D:8)
  A sky beast (D:5)
  A slave (D:4)
  A centaur (D:11)
  An adder (D:5)
  A butterfly (D:4)
  8 fungi
  50 plants
66 creatures vanquished.

Grand Total: 505 creatures vanquished

Notes
Turn   | Place    | Note
-------+----------+-------------------------------------------
     0 | D:1      | grindst0ne the Demonspawn Chaos Knight began the quest for the Orb.
     0 | D:1      | Reached XP level 1. HP: 18/18 MP: 1/1
    70 | D:1      | XOM: potion effect (might)
   158 | D:1      | XOM: summons 1 friendly demon
   257 | D:1      | Gained mutation: You are partially covered in sharp spines. [demonic ancestry]
   257 | D:1      | Reached XP level 2. HP: 21/24 MP: 2/2
   314 | D:1      | XOM: noise
   584 | D:2      | Gained mutation: You are mostly covered in sharp spines. [demonic ancestry]
   584 | D:2      | Reached XP level 3. HP: 30/30 MP: 3/3
   617 | D:2      | Found an iron altar of Okawaru.
  1080 | D:3      | Reached XP level 4. HP: 38/38 MP: 4/4
  1121 | D:3      | Reached skill level 5 in Fighting
  1254 | D:3      | Noticed Pinoku's ghost (amateur DrFi)
  1445 | D:3      | XOM: 1-stop teleportation journey
  1468 | D:3      | XOM: enchant monster (good)
  1475 | D:3      | Killed Pinoku's ghost
  1475 | D:3      | Reached XP level 5. HP: 47/47 MP: 5/5
  1822 | D:4      | Noticed a slave
  1822 | D:4      | Noticed a slave
  1823 | D:4      | Noticed a slave
  1837 | D:4      | Noticed Pikel
  1837 | D:4      | XOM: confusion
  1843 | D:4      | Killed a slave
  1844 | D:4      | Noticed a slave
  1868 | D:4      | XOM: confusion
  1877 | D:4      | XOM: smoke on damage
  1884 | D:4      | Killed Pikel
  1884 | D:4      | Gained mutation: You are partially covered in slimy green scales. (AC +2) [demonic ancestry]
  1884 | D:4      | Reached XP level 6. HP: 24/57 MP: 2/6
  1884 | D:4      | Reached XP level 7. HP: 26/63 MP: 2/7
  2184 | D:4      | XOM: swap monsters
  2202 | D:4      | XOM: mild Necr miscast
  2203 | D:4      | XOM: blink monster(s)
  2278 | D:4      | XOM: cloud trail
  2394 | D:4      | Found a staircase to the Ecumenical Temple.
  2410 | D:4      | XOM: enchant monster (good)
  2433 | D:4      | Found a burning altar of Makhleb.
  2435 | D:4      | Noticed grindst0ne's ghost (amateur DsCK)
  2443 | D:4      | XOM: destruction
  2458 | D:4      | XOM: 3-stop teleportation journey
  2641 | D:4      | XOM: polymorph butterfly -> ball python
  2654 | D:4      | XOM: fake destruction
  2663 | D:4      | XOM: scenery: 1 fountains blood, 1 doors open, 3 doors close
  2666 | D:4      | Gained mutation: Armour fits poorly on your strangely shaped body. [potion of mutation]
  2666 | D:4      | Gained mutation: Your body sometimes deteriorates upon taking damage. [potion of mutation]
  2666 | D:4      | Gained mutation: You can translocate small distances at will. [potion of mutation]
  2669 | D:4      | XOM: summons 6 friendly demons
  2677 | D:4      | Killed grindst0ne's ghost
  2677 | D:4      | Gained mutation: You have sharp toenails. [demonic ancestry]
  2677 | D:4      | Reached XP level 8. HP: 26/72 MP: 3/8
  2769 | D:4      | XOM: give mutations
  2769 | D:4      | Gained mutation: You have a pair of small horns on your head. [Xom's grace]
  2769 | D:4      | Gained mutation: You evolve. [Xom's grace]
  2769 | D:4      | Gained mutation: You are covered in fur. (AC +1) [Xom's grace]
  2883 | D:4      | XOM: give mutations
  2883 | D:4      | Gained mutation: You have a pair of horns on your head. [Xom's grace]
  2883 | D:4      | Gained mutation: You possess an exceptional clarity of mind. [Xom's grace]
  2883 | D:4      | Gained mutation: You are resistant to hostile enchantments. (MR+) [Xom's grace]
  2913 | D:5      | Entered Level 5 of the Dungeon
  2993 | D:5      | Found a bloodstained altar of Trog.
  2997 | D:5      | XOM: 6-stop teleportation journey
  3052 | D:5      | Reached skill level 10 in Fighting
  3240 | D:5      | Found Tinleech's Armour Shop.
  3302 | D:5      | Noticed Amon001's ghost (novice GnTm)
  3305 | D:5      | XOM: cast spell 'Summon Horrible Things'
  3309 | D:5      | Killed Amon001's ghost
  3405 | D:5      | Got an iridescent falchion
  3406 | D:5      | Identified the cursed +1 falchion "Daolos" {slice, rPois Int+2} (You found it on level 5 of the Dungeon)
  3421 | D:6      | Found a shimmering altar of Xom.
  3423 | D:6      | Found an ancient bone altar of Kikubaaqudgha.
  3686 | D:6      | Found a basalt altar of Yredelemnul.
  3824 | D:6      | Found a glowing golden altar of the Shining One.
  3824 | D:6      | Found a glowing silver altar of Zin.
  3824 | D:6      | Found a white marble altar of Elyvilon.
  3860 | D:6      | XOM: divination: detect items
  4321 | D:7      | Reached XP level 9. HP: 82/82 MP: 9/9
  4475 | D:6      | XOM: give mutations
  4475 | D:6      | Lost mutation: You evolve. [Xom's grace]
  4475 | D:6      | Gained mutation: You are somewhat resistant to further mutation. [Xom's grace]
  4475 | D:6      | Lost mutation: You are somewhat resistant to further mutation. [Xom's grace]
  4475 | D:6      | Gained mutation: You evolve. [Xom's grace]
  4475 | D:6      | Gained mutation: You have supernaturally acute eyesight. (SInv) [Xom's grace]
  4475 | D:6      | Gained mutation: You are agile. (Dex +2) [Xom's grace]
  4555 | D:8      | Noticed a two-headed ogre
  4558 | D:8      | XOM: cast spell 'Summon Butterflies'
  4559 | D:8      | XOM: summons friendly crimson imp
  4570 | D:8      | XOM: divination: detect creatures
  4574 | D:8      | HP: 3/82 [two-headed ogre/giant spiked club (12)]
  5026 | D:7      | XOM: summons 4 hostile demons
  5108 | D:7      | XOM: harmless Pois miscast
  5155 | D:7      | Killed a two-headed ogre
  5207 | D:8      | XOM: noise
  5227 | D:8      | Reached skill level 5 in Axes
  5573 | D:8      | Found Otacuest's General Store.
  5577 | D:8      | Bought a scroll of identify for 28 gold pieces
  5577 | D:8      | Bought a scroll of enchant weapon for 105 gold pieces
  5795 | D:8      | Found Cineimn's Food Shop.
  5964 | D:8      | Found Bomn's Magic Scroll Emporium.
  5967 | D:8      | Found Qifissi's Antique Weapon Boutique.
  5987 | D:8      | Reached skill level 5 in Evocations
  6015 | D:8      | Reached XP level 10. HP: 19/89 MP: 7/13
  6250 | D:8      | XOM: summons 4 hostile shadow creatures
  6284 | D:8      | Got a smelly ring mail
  6294 | D:8      | XOM: chaos cloud
  6295 | D:8      | Identified the +2 ring mail "Liecaduw" {*Corrode rC+ Int+4} (You took it off a gnoll shaman on level 8 of the Dungeon)
  6297 | D:8      | Found Awnemmeu's Distillery.
  6329 | D:8      | Bought a scroll of enchant armour for 112 gold pieces
  6484 | D:8      | XOM: give mutation
  6484 | D:8      | Lost mutation: You have a pair of horns on your head. [Xom's mischief]
  6506 | D:9      | XOM: give mutations
  6506 | D:9      | Gained mutation: You are robust. (+10% HP) [Xom's grace]
  6506 | D:9      | Gained mutation: Your mind is acute. (Int +2) [Xom's grace]
  6506 | D:9      | Gained mutation: You are very robust. (+20% HP) [Xom's grace]
  6506 | D:9      | Gained mutation: Your spells are a little harder to cast, but a little more powerful. [Xom's grace]
  6548 | D:9      | XOM: scenery: 1 doors open, 1 doors close
  6549 | D:9      | Noticed Joseph
  6549 | D:9      | Noticed Joseph
  6549 | D:9      | Joseph changed into Joseph the basilisk
  6549 | D:9      | XOM: polymorph Joseph -> Joseph the basilisk
  6556 | D:9      | Killed Joseph the basilisk
  6577 | D:9      | XOM: cleaving
  6695 | D:9      | XOM: cloud trail
  6786 | D:9      | XOM: god gift: dented pearl amulet {god gift}
  6945 | D:9      | XOM: 1-stop teleportation journey
  7003 | D:9      | Reached skill level 1 in Long Blades
  7010 | D:9      | Reached skill level 2 in Long Blades
  7053 | D:9      | Noticed a two-headed ogre
  7053 | D:9      | XOM: divination: detect items
  7055 | D:9      | XOM: summons 10 friendly demons
  7057 | D:9      | Killed a two-headed ogre
  7057 | D:9      | Reached skill level 3 in Long Blades
  7068 | D:9      | XOM: mild Chrm miscast
  7169 | D:9      | XOM: give mutations
  7169 | D:9      | Lost mutation: Your mind is acute. (Int +2) [Xom's mischief]
  7169 | D:9      | Lost mutation: You can translocate small distances at will. [Xom's mischief]
  7169 | D:9      | Lost mutation: You are agile. (Dex +2) [Xom's mischief]
  7169 | D:9      | Gained mutation: Your mind is acute. (Int +2) [Xom's mischief]
  7207 | D:9      | XOM: give mutations
  7207 | D:9      | Lost mutation: Armour fits poorly on your strangely shaped body. [Xom's mischief]
  7207 | D:9      | Lost mutation: You possess an exceptional clarity of mind. [Xom's mischief]
  7268 | D:9      | Reached skill level 4 in Long Blades
  7328 | D:10     | Entered Level 10 of the Dungeon
  7328 | D:10     | Noticed a two-headed ogre
  7328 | D:10     | XOM: scenery: create altars
  7336 | D:10     | Killed a two-headed ogre
  7482 | D:10     | XOM: give mutations
  7482 | D:10     | Gained mutation: You are clumsy. (Dex -2) [Xom's mischief]
  7482 | D:10     | Lost mutation: Your body sometimes deteriorates upon taking damage. [Xom's mischief]
  7488 | D:10     | Reached skill level 5 in Long Blades
  7577 | D:10     | XOM: smoke on damage
  7605 | D:10     | Found a roughly hewn altar of Beogh.
  7631 | D:10     | XOM: summons 2 hostile demons
  7632 | D:10     | Noticed a rust devil
  7788 | D:9      | XOM: stat loss: -1 Int (21/22)
  8061 | D:10     | Gained mutation: You are highly resistant to hostile enchantments. (MR++) [evolution]
  8061 | D:10     | Lost mutation: You evolve. [end of evolution]
  8066 | D:10     | XOM: medium Conj miscast
  8088 | D:10     | Found Beqico's Gadget Emporium.
  8110 | D:10     | Found Reto's Distillery.
  8142 | D:10     | XOM: summons 3 hostile shadow creatures
  8347 | D:10     | Reached skill level 6 in Long Blades
  8374 | D:10     | XOM is BORED!
  8374 | D:10     | XOM: give mutations
  8374 | D:10     | Lost mutation: Your mind is acute. (Int +2) [Xom's mischief]
  8374 | D:10     | Lost mutation: You are clumsy. (Dex -2) [Xom's mischief]
  8412 | D:10     | Found Ruhanub's Distillery.
  8648 | D:11     | XOM: mild Pois miscast
  8653 | D:11     | Gained mutation: You are mostly covered in slimy green scales. (AC +3) [demonic ancestry]
  8653 | D:11     | Reached XP level 11. HP: 107/114 MP: 15/15
  8672 | D:11     | Found a staircase to the Lair.
  8676 | D:11     | Reached skill level 7 in Long Blades
  8705 | D:11     | XOM: give mutation
  8705 | D:11     | Lost mutation: You have a pair of small horns on your head. [Xom's mischief]
  8716 | D:11     | XOM: harmless Fire miscast
  8770 | D:11     | Noticed a purple ugly thing
  8797 | D:11     | Killed a purple ugly thing
  8844 | D:11     | XOM: mild Chrm miscast
  8935 | D:11     | XOM: harmless Erth miscast
  8966 | D:11     | Noticed Fannar
  8986 | D:11     | XOM: summons 1 hostile demon
  8990 | D:11     | XOM: blink monster(s)
  8991 | D:11     | XOM: cast spell 'Ring of Flames'
  8996 | D:11     | Killed Fannar
  8996 | D:11     | Reached skill level 8 in Long Blades
  9055 | D:11     | XOM: smoke on damage
  9078 | D:11     | XOM: mild Conj miscast
  9428 | D:11     | XOM is BORED!
  9428 | D:11     | XOM: mild Summ miscast
  9492 | D:11     | XOM: summons 1 hostile shadow creature
  9653 | D:11     | XOM: harmless Tmut miscast
  9882 | D:12     | XOM: scenery: create altars
  9925 | D:12     | XOM: smoke on damage
  9926 | D:12     | XOM: noise
  9954 | D:12     | Reached skill level 9 in Long Blades
 10000 | D:12     | Noticed a four-headed hydra
 10436 | Lair:1   | Entered Level 1 of the Lair of Beasts
 10954 | Lair:1   | XOM: cloud trail
 11108 | Lair:1   | XOM is BORED!
 11108 | Lair:1   | XOM: harmless Fire miscast
 11263 | Lair:1   | XOM: harmless Hex miscast
 11310 | Lair:1   | XOM: divination: magic mapping
 11625 | Lair:1   | XOM: divination: magic mapping
 11628 | Lair:1   | Reached skill level 10 in Long Blades
 12129 | Lair:2   | Found a labyrinth entrance.
 12138 | Lab      | Entered a labyrinth
 12506 | Lab      | Noticed a minotaur
 12515 | Lab      | XOM: cast spell 'Call Canine Familiar'
 12516 | Lab      | Killed a minotaur
 12520 | Lab      | Got an ancient crystal amulet
 12644 | Lab      | XOM is BORED!
 12644 | Lab      | XOM: silly message
 12675 | Lair:2   | XOM: potion effect (agility)
 12895 | Lair:2   | Reached skill level 11 in Long Blades
 13027 | Lair:2   | XOM: potion effect (might)
 13029 | Lair:2   | XOM: harmless Conj miscast
 13033 | Lair:2   | XOM: potion effect (haste)
 13049 | Lair:2   | Reached XP level 12. HP: 52/122 MP: 16/16
 13124 | Lair:2   | Found a staircase to the Snake Pit.
 13304 | Lair:2   | Found a stormy altar of Qazlal.
 13305 | Lair:2   | Noticed a seven-headed hydra
 13310 | Lair:2   | Killed a nine-headed hydra
 13364 | Lair:2   | XOM: harmless Necr miscast
 13421 | Lair:2   | XOM: divination: magic mapping
 13856 | Lair:3   | XOM: swap monsters
 13859 | Lair:3   | XOM: 4-stop teleportation journey
 13920 | Lair:3   | XOM: polymorph hippogriff -> shapeshifter
 13962 | Lair:3   | Reached skill level 12 in Long Blades
 14003 | Lair:3   | XOM: silly message
 14035 | Lair:3   | XOM: give mutations
 14035 | Lair:3   | Gained mutation: Your flesh is heat resistant. (rF+) [Xom's grace]
 14035 | Lair:3   | Gained mutation: You have a pair of small antennae on your head. [Xom's grace]
 14035 | Lair:3   | Gained mutation: You have razor-sharp toenails. [Xom's grace]
 14035 | Lair:3   | Gained mutation: You are agile. (Dex +2) [Xom's grace]
 14264 | Lair:3   | XOM: medium Erth miscast
 14356 | Lair:3   | XOM: fog
 14369 | Lair:3   | XOM: god gift: 17 arrows
 14571 | Lair:3   | XOM: scenery: create altars
 14889 | Lair:3   | XOM: enchant monster (good)
 14918 | Lair:3   | XOM: divine lightning
 15033 | Lair:3   | XOM: give mutations
 15033 | Lair:3   | Gained mutation: You possess an exceptional clarity of mind. [Xom's grace]
 15033 | Lair:3   | Gained mutation: Your muscles are strong. (Str +2) [Xom's grace]
 15220 | Lair:3   | Noticed a six-headed hydra
 15220 | Lair:3   | XOM: scenery: create altars
 15224 | Lair:3   | Killed a six-headed hydra
 15224 | Lair:3   | Reached skill level 13 in Long Blades
 15392 | Lair:3   | XOM: god gift: dire flail {god gift}
 15419 | Lair:3   | XOM: scenery: create altars
 15627 | Lair:4   | Identified the amulet "Fehumaf" {Harm *Drain rF++ MR+ Str-4 Dex+9} (You found it in a labyrinth)
 15802 | Lair:4   | XOM: mild Chrm miscast
 15874 | Lair:4   | Got a brightly glowing war axe
 15875 | Lair:4   | Identified the cursed +0 war axe of Checks and Balances {freeze, *Contam Int-3 Dex+8 Stlth+} (You found it on level 4 of the Lair of Beasts)
 15879 | Lair:4   | Lost mutation: You are agile. (Dex +2) [mutagenic glow]
 15987 | Lair:4   | Found a staircase to the Shoals.
 15993 | Lair:4   | XOM: noise
 16058 | Lair:4   | XOM: enchant monster (bad)
 16234 | Lair:4   | XOM: fog
 16238 | Lair:4   | XOM: destruction
 16239 | Lair:4   | XOM: mild Erth miscast
 16268 | Lair:4   | Reached skill level 14 in Long Blades
 16416 | Lair:4   | XOM: harmless Pois miscast
 16767 | Lair:5   | XOM: blink monster(s)
 16779 | Lair:5   | XOM: harmless Erth miscast
 16903 | Lair:5   | XOM: mild Erth miscast
 16962 | Lair:5   | Found a staircase to the Slime Pits.
 17089 | Lair:5   | XOM: confuse monster(s)
 17104 | Lair:5   | Mutation became permanent: You have sharp toenails. [demonic ancestry]
 17104 | Lair:5   | Gained mutation: You have razor-sharp toenails. [demonic ancestry]
 17104 | Lair:5   | Reached XP level 13. HP: 95/129 MP: 17/17
 17722 | Lair:5   | XOM: scenery: 1 doors close
 17777 | Lair:5   | XOM is BORED!
 17793 | Lair:6   | Entered Level 6 of the Lair of Beasts
 17836 | Lair:6   | XOM: cast spell 'Leda's Liquefaction'
 17844 | Lair:6   | XOM: potion effect (brilliance)
 17850 | Lair:6   | XOM: cast spell 'Olgreb's Toxic Radiance'
 17990 | Lair:6   | XOM: harmless Fire miscast
 18026 | Lair:6   | XOM: potion effect (heal wounds)
 18052 | Lair:6   | XOM: silly message
 18377 | Lair:6   | Reached skill level 15 in Long Blades
 18381 | Lair:6   | XOM: cleaving
 18416 | Lair:6   | XOM: give mutations
 18416 | Lair:6   | Lost mutation: You are very robust. (+20% HP) [Xom's mischief]
 18416 | Lair:6   | Lost mutation: Your muscles are strong. (Str +2) [Xom's mischief]
 18573 | Lair:6   | XOM: medium Pois miscast
 18654 | Lair:6   | XOM: 3-stop teleportation journey
 18655 | Lair:6   | XOM: polymorph yak -> komodo dragon
 18656 | Lair:6   | XOM: enchant monster (good)
 18658 | Lair:6   | XOM: 1-stop teleportation journey
 18673 | Lair:6   | XOM: scenery: create altars
 18685 | Lair:6   | XOM: summons 11 friendly demons
 18699 | Lair:6   | Slain by a komodo dragon

Skill      XL: |  1  2  3  4  5  6  7  8  9 10 11 12 13 |
---------------+----------------------------------------+-----
Fighting       | 4 6 8 9 12 | 12.2
Axes           | 5 6 |  6.5
Evocations     | 5 6 |  6.3
Long Blades    | 6 11 14 15 | 15.3
Armour         | |  1.7
Dodging        | |  0.8

Action                   |  1- 3 |  4- 6 |  7- 9 | 10-12 | 13-15 || total
-------------------------+-------+-------+-------+-------+-------++-------
Melee: Dagger            |    71 |    60 |    94 |       |       ||   225
       Hand axe          |     4 |       |       |       |       ||     4
       Falchion          |       |       |   127 |   104 |       ||   231
       Kick              |       |       |    48 |   186 |    27 ||   261
       Headbutt          |       |       |    28 |    47 |       ||    75
       Battleaxe         |       |       |       |   287 |       ||   287
       Triple sword      |       |       |       |   242 |    85 ||   327
Evoke: Wand              |       |       |    15 |    11 |       ||    26
  Use: Scroll            |       |     4 |     7 |    14 |     1 ||    26
       Potion            |       |     5 |     5 |     9 |     4 ||    23
 Stab: Sleeping          |     1 |       |       |       |       ||     1
       Paralysed         |       |     6 |     1 |       |       ||     7
       Confused          |       |       |     2 |       |       ||     2
       Invisible         |       |       |       |       |     2 ||     2
  Eat: Chunk             |       |     3 |    13 |    23 |     6 ||    45
       Ration            |       |       |       |     4 |       ||     4
Armor: Leather armour    |    24 |    26 |    66 |       |       ||   116
       Skin              |       |       |    21 |       |       ||    21
       Plate armour      |       |       |     6 |   179 |    47 ||   232
       Ring mail         |       |       |       |   147 |       ||   147
Dodge: Dodged            |    50 |    25 |   136 |   271 |    22 ||   504
Block: Other             |       |       |       |   157 |    24 ||   181
       Reflection        |       |       |       |     8 |       ||     8
       Rpst.: Falchion   |       |       |    16 |    14 |       ||    30
       Triple sword      |       |       |       |    18 |     5 ||    23
